 Dungeon Crawl Stone Soup version 0.29-a0-495-g17b79114eb (webtiles) character file.

Game seed: 15513130910810824284

68 jlumianski the Firebug (level 3, -3/26 HPs)
             Began as a Demigod Fire Elementalist on May 28, 2022.
             Slain by Terence
             ... wielding a +0 hand axe
              (7 damage)
             ... on level 2 of the Dungeon.
             The game lasted 00:11:34 (1793 turns).

jlumianski the Firebug (Demigod Fire Elementalist)  Turns: 1793, Time: 00:11:34

Health: -3/26      AC:  4    Str:  9    XL:     3   Next: 73%
Magic:  5/9        EV: 11    Int: 21    God:
Gold:   145        SH:  0    Dex: 14    Spells: 6/7 levels left

rFire   . . .      SeeInvis .   p - +1 whip (flame)
rCold   . . .      Faith    .   (no shield)
rNeg    . . .      Spirit   .   g - +0 troll leather armour
rPois   .          Reflect  .   (no helmet)
rElec   .          Harm     .   (no cloak)
rCorr   .          Rampage  .   (no gloves)
Will    .....                   (no boots)
Stlth   ++........              (no amulet)
HPRegen 0.88/turn               (no ring)
MPRegen 0.11/turn               (no ring)

@: no status effects
A: high MP 1, forlorn, divine attributes
a: no special abilities


You were on level 2 of the Dungeon.
You visited 1 branch of the dungeon, and saw 3 of its levels.

You collected 145 gold pieces.

Inventory:

Hand Weapons
 f - a +0 short sword
 p - a +1 whip of flaming (weapon)
Missiles
 c - 141 stones
 n - 11 poisoned darts (quivered)
 t - 3 atropa-tipped darts
Armour
 a - a +0 robe
 g - a +0 troll leather armour (worn)
 o - a +0 pair of gloves
Scrolls
 h - a scroll of summoning {unknown}
 i - a scroll of enchant weapon {unknown}
 j - 3 scrolls of identify {unknown}
 m - a scroll of magic mapping {unknown}
 r - a scroll of brand weapon {unknown}
 s - a scroll of vulnerability {unknown}
 u - a scroll of noise {unknown}
Potions
 b - a potion of magic
 d - 2 potions of attraction {unknown}
 e - a potion of degeneration {unknown}
 k - a potion of heal wounds {unknown}
 l - a potion of resistance {unknown}
 q - a potion of might {unknown}


   Skills:
 + Level 0.1 Fighting
 * Level 0.5 Maces & Flails
 + Level 0.6 Armour
 + Level 1.8 Dodging
 + Level 2.0 Stealth
 + Level 2.5 Spellcasting
 + Level 1.2 Conjurations
 + Level 3.3 Fire Magic


You had 6 spell levels left.
You knew the following spells:

 Your Spells              Type           Power      Damage    Failure   Level
a - Foxfire               Conj/Fire      48%        2x1d6     8%          1

Your spell library contained the following spells:

 Spells                   Type           Power      Damage    Failure   Level
 Scorch                   Fire           32%        2d6       8%          2
 Slow                     Hex            8%         N/A       19%         1
 Conjure Flame            Conj/Fire      12%        6-21      22%         3
 Inner Flame              Hex/Fire       9%         N/A       28%         3
 Confusing Touch          Hex            2%         N/A       50%         3
 Vampiric Draining        Necr           2%         2d6       50%         3
 Flame Wave               Conj/Fire      12%        2d6       58%         4
 Freezing Cloud           Conj/Ice/Air   2%         6-21      99%         5
 Simulacrum               Ice/Necr       1%         N/A       100%        6
 Polar Vortex             Ice            1%         N/A       100%        9


Dungeon Overview and Level Annotations

Branches:
Dungeon (3/15)

Annotations:
D:2 Terence


Innate Abilities, Weirdness & Mutations

You have an increased reservoir of magic. (+10% MP)
You shall have no god before yourself.
Your divine heritage dramatically boosts your attributes as you level up.


Message History

You conjure some foxfire!
Terence misses you.
Terence hits your foxfire with a +0 hand axe.
Terence closely misses your foxfire.
You hit Terence but do no damage.
Terence is heavily wounded.
The foxfire hits Terence but does no damage.
Terence is heavily wounded.
The foxfire hits Terence but does no damage.
Terence is heavily wounded.
Terence bares his teeth.
Terence closely misses you.
Casting: Foxfire (safe; 8% risk of failure)
Confirm with . or Enter, or press ? or * to list all spells.
You conjure some foxfire!
Terence hits you with a +0 hand axe. Terence misses your foxfire.
Terence barely misses your foxfire.
You barely miss Terence.
Terence is heavily wounded.
The foxfire hits Terence.
Terence is heavily wounded.
The foxfire hits Terence but does no damage.
Terence is heavily wounded.
Terence says, "Rest in peace."
Terence barely misses you.
Casting: Foxfire (safe; 8% risk of failure)
Confirm with . or Enter, or press ? or * to list all spells.
You conjure some foxfire!
Terence closely misses you.
You barely miss Terence.
Terence is heavily wounded.
The foxfire hits Terence but does no damage.
Terence is heavily wounded.
The foxfire hits Terence.
Terence is heavily wounded.
Terence hits you with a +0 hand axe!
* * * LOW HITPOINT WARNING * * *
Casting: Foxfire (safe; 8% risk of failure)
Confirm with . or Enter, or press ? or * to list all spells.
You conjure some foxfire!
Terence says, "Rest in peace."
Terence hits you with a +0 hand axe!
You die...

#.# #......# ### #.#
##.#....# ###..
#.####..#....# #...#
#.##...##.#######.###
#.<.>.###.#####...###
#...............####.
#...†.###.####### #.
#...@.#......# ##
####...@.#..)...########
#.....vv.#..............
#........#......########
#........#......#
#################


You could see Terence (ally target).

Vanquished Creatures
  2 adders (D:2)
  3 dart slugs
  6 bats
  5 giant cockroaches
  4 goblins
  6 hobgoblins
  3 quokkas
  A ball python (D:1)
  2 frilled lizards
  3 kobolds
  6 rats
41 creatures vanquished.

Vanquished Creatures (others)
  93 foxfires
93 creatures vanquished.

Grand Total: 134 creatures vanquished

Notes
Turn   | Place    | Note
-------+----------+-------------------------------------------
     0 | D:1      | jlumianski the Demigod Fire Elementalist began the quest
                  | for the Orb.
     0 | D:1      | Reached XP level 1. HP: 14/14 MP: 5/5
   276 | D:1      | Reached skill level 3 in Fire Magic
   276 | D:1      | Reached XP level 2. HP: 20/20 MP: 4/7
   605 | D:1      | Reached skill level 1 in Conjurations
  1114 | D:2      | Reached XP level 3. HP: 23/26 MP: 5/9
  1755 | D:3      | Noticed Terence
  1793 | D:2      | Slain by Terence

Illustrated notes

Levels and vault maps discovered:
D:1:      lemuel_arrival_cross, layout_basic
D:2:      layout_rooms
D:3:      minmay_bubble_buster, layout_loops_cross, uniq_ijyb,
          uniq_crazy_yiuf_cottage, uniq_terence, uniq_sigmund

Skill      XL: |  1  2 |
---------------+-------+-----
Spellcasting   | 2 |  2.5
Stealth        | 2 |  2.0
Fire Magic     | 3 |  3.3
Conjurations   | 1 |  1.2
Fighting       | |  0.1
Maces & Flails | |  0.5
Armour         | |  0.6
Dodging        | |  1.8

Action                   || total
-------------------------++-------
Melee: Unarmed           ||     5
       Short sword       ||    11
       Whip              ||    17
 Cast: Foxfire           ||    54
 Stab: Sleeping          ||     1
Armor: Robe              ||     1
       Troll leather arm ||    13
Dodge: Dodged            ||    36

Table legend: (Time is in decaauts)
 A = Elapsed time spent in this place.
 B = Non-inter-level travel time spent in this place.
 C = Inter-level travel time spent in this place.
 D = Time resting spent in this place.
 E = Time spent auto-exploring this place.
 F = Levels seen in this place.
 G = Mean time per level.
                   A        B        C        D        E       F      G
               +--------+--------+--------+--------+--------+-----+--------+
         Total |   1797 |   1762 |     35 |     96 |    749 |   3 |  599.0 |
       Dungeon |   1797 |   1762 |     35 |     96 |    749 |   3 |  599.0 |
               +--------+--------+--------+--------+--------+-----+--------+

Top non-repeatable levels by time:
     D:1: 999 daAuts
     D:2: 739 daAuts
     D:3: 58 daAuts
